AoeStats
← phteven

Black Forest

508093476Analyzed
4v4 RM · 13d ago on Sep 20, 2026· 24m 23s· 8 players
Game mode
Random Map
Map size
Large (8 player)
Population
200
Speed
Normal
Resources
Standard
Victory
Conquest
Starting age
Dark Age
Ending age
Imperial Age
RankedLock teamsTeams togetherTeam positionsShared explorationLock speedFull tech treeHidden civsTurbo modeCheats
Victory
Defeat
🇺🇸 Dravidians · United States
1407
+15
🇨🇦 Aztecs · Canada
1390
+16
🇦🇷 Mongols · Argentina
1361
+17
🇺🇸 Tupi · United States
1360
+17
🇩🇪 Teutons · Germany
1392
-17
🇩🇪 Wu · Germany
1392
-17
🇪🇸 Magyars · Spain
1382
-16
🇪🇸 Maya · Spain
1361
-15
MaverickGG1403
11:10 Feudal Age
15:27 Castle Age
13:42 Double-Bit Axe
14:40 Horse Collar
16:56 Bow Saw
phteven
0:53 Loom
13:06 Feudal Age
17:02 Castle Age
15:15 Double-Bit Axe
15:13 Horse Collar
18:20 Town Watch
24:10 Heavy Plow
pauito79_ator
0:27 Loom
13:28 Feudal Age
15:00 Fletching
16:36 Double-Bit Axe
18:18 Stone Mining
21:14 Castle Age
hiasele2
10:24 Loom
12:25 Feudal Age
13:16 Double-Bit Axe
13:12 Horse Collar
16:09 Castle Age
16:18 Scale Mail Armor
16:28 Forging
17:27 Chain Mail Armor
19:48 Squires
19:35 Arson
Gavagai
0:40 Loom
12:42 Feudal Age
16:59 Castle Age
15:15 Double-Bit Axe
15:11 Horse Collar
18:14 Bow Saw
23:47 Fishing Lines
Les Boyageur
0:51 Loom
11:33 Feudal Age
11:35 Champi Runner
12:43 Horse Collar
12:48 Double-Bit Axe
12:52 Horse Collar
13:25 Arson
15:11 Fletching
20:51 Castle Age
18:56 Fishing Lines
20:55 Crossbowman
21:31 Bodkin Arrow
24:22 Bow Saw
Bass
9:40 Feudal Age
14:45 Castle Age
13:29 Double-Bit Axe
15:40 Bow Saw
17:49 Fletching
17:45 Loom
19:39 Bodkin Arrow
22:35 Padded Archer Armor
23:19 Horse Collar
剧终
10:34 Feudal Age
12:26 Double-Bit Axe
14:43 Castle Age
12:49 Horse Collar
20:00 Atonement
20:10 Fervor
20:54 Redemption
21:59 Sanctity
26:26 Imperial Age
24:16 Gold Mining
Connection lost

Rejoining the realm…

Still unreachable

The connection could not be restored.

Session expired

The server has moved on; the page needs a fresh start.